 Dungeon Crawl Stone Soup version 0.28.0-45-g0d030f2227 (webtiles) character file.

Game seed: 16836838080727786552

74 Descartes the Covert (level 4, -1/23 HPs)
             Began as a Spriggan Delver on Apr 13, 2022.
             Killed from afar by a white imp (12 damage)
             ... with a puff of frost
             ... on level 4 of the Dungeon.
             The game lasted 00:01:16 (436 turns).

Descartes the Covert (Spriggan Delver)               Turns: 436, Time: 00:01:16

Health: -1/23      AC:  2    Str: 10    XL:     4   Next: 9%
Magic:  5/5        EV: 17    Int: 11    God:
Gold:   0          SH:  0    Dex: 16    Spells: 3/3 levels left

rFire   . . .      SeeInvis +   a - +0 short sword
rCold   . . .      Faith    .   (no shield)
rNeg    . . .      Spirit   .   b - +0 robe
rPois   .          Reflect  .   (helmet restricted)
rElec   .          Harm     .   (no cloak)
rCorr   .          Rampage  .   (gloves unavailable)
Will    .....                   (boots unavailable)
Stlth   ++++......              (no amulet)
HPRegen 0.07/turn               (no ring)
MPRegen 0.09/turn               (no ring)

@: very quick
A: very small, no large weapons, unfitting armour, see invisible, speed 3
a: no special abilities


You were on level 4 of the Dungeon.
You visited 1 branch of the dungeon, and saw 2 of its levels.

Inventory:

Hand Weapons
 a - a +0 short sword (weapon)
Armour
 b - a +0 robe (worn)
Wands
 g - a wand of digging (3)
Scrolls
 c - a scroll of fog
 d - a scroll of magic mapping
 e - a scroll of fear
 h - a scroll of identify {unknown}
Potions
 f - a potion of haste


   Skills:
 - Level 2.4 Fighting
 - Level 2.1 Short Blades
 + Level 3.0 Dodging
 + Level 9.5 Stealth


You had 3 spell levels left.
You didn't know any spells.
Your spell library contained the following spells:

 Spells                   Type           Power      Damage    Failure   Level
 Blink                    Tloc           0%         N/A       47%         2
 Lesser Beckoning         Tloc           0%         N/A       71%         3
 Manifold Assault         Tloc           0%         N/A       100%        5


Dungeon Overview and Level Annotations

Branches:
Dungeon (5/15)
 Temple: D:4-7

Altars:


Innate Abilities, Weirdness & Mutations

You are very small and have problems with some larger weapons.
You are too small for most types of armour.
You have supernaturally acute eyesight. (SInv)
You cover ground extremely quickly. (Speed+++)


Message History

The kobold is moderately wounded.
The kobold completely misses you.
You barely miss the kobold.
The kobold is moderately wounded.
The kobold misses you.
You miss the kobold.
The kobold is moderately wounded.
The kobold hits you but does no damage.
You hit the kobold.
You kill the kobold!
No target in view!
No target in view!
Things that are here:
a +0 short sword; a stone A dart slug is nearby!
No target in view!
The white imp shouts!
You hear a shout!
The dart slug launches a dart at you. The slug dart hits you.
You hit the dart slug.
The dart slug is heavily wounded.
You hit the dart slug.
The dart slug is severely wounded.
The dart slug launches a dart at you. The slug dart hits you.
You hit the dart slug.
You kill the dart slug!
Your Dodging skill increases to level 3!
Found a stone staircase leading up.
The white imp gestures at you. The puff of frost misses you.
You barely miss the white imp. The white imp hits you.
The white imp freezes you.
You are too injured to fight recklessly!
You are too injured to fight recklessly!
You barely miss the white imp. The white imp closely misses you.
The white imp gestures at you. The puff of frost hits you!
Ouch! That really hurt!
You die...

....... #.........###.#.###
.......##...........#.#....
.................)..#.####.
...........#........#.# #.
..###[.....##>........# #.
.. ........##.......######.
........##..............
.....g5..........#######
.......@##.......#
........<#.......#
.....###.#.......# .....
..........# ####
#.#####...####### #.#
##......... #.# ##########
.#


You could see a white imp and a goblin.

Vanquished Creatures
  A scorpion (D:4)
  An adder (D:4)
  A dart slug (D:4)
  An orc (D:4)
  An endoplasm (D:4)
  2 kobolds (D:4)
7 creatures vanquished.

Notes
Turn   | Place    | Note
-------+----------+-------------------------------------------
     0 | D:5      | Descartes the Spriggan Delver began the quest for the Orb.
     0 | D:5      | Reached XP level 1. HP: 11/11 MP: 2/2
    80 | D:4      | Noticed a scorpion
    86 | D:4      | Killed a scorpion
    87 | D:4      | Reached skill level 9 in Stealth
    87 | D:4      | Reached XP level 2. HP: 2/16 MP: 3/3
    87 | D:4      | Reached XP level 3. HP: 2/19 MP: 4/4
   389 | D:4      | Reached XP level 4. HP: 23/23 MP: 5/5
   436 | D:4      | Killed from afar by a white imp

Illustrated notes

Levels and vault maps discovered:
D:4:      layout_basic
D:5:      layout_basic, minmay_temple_entry_hall, kennysheep_minor_cross

Skill      XL: |  1  2  3  4 |
---------------+-------------+-----
Stealth        | 9 |  9.5
Dodging        | 3 |  3.0
Fighting       | |  2.4
Short Blades   | |  2.1

Action                   |  1- 3 |  4- 6 || total
-------------------------+-------+-------++-------
Melee: Short sword       |     8 |    10 ||    18
 Stab: Sleeping          |     3 |     1 ||     4
       Distracted        |     1 |       ||     1
Armor: Robe              |     2 |     1 ||     3
Dodge: Dodged            |     9 |     5 ||    14
